 Dungeon Crawl Stone Soup version 0.21.1-1-g345015f (webtiles) character file.

974 homeworkjunkie the Cleaver (level 8, 0/68 HPs)
             Began as a Hill Orc Fighter on Feb 28, 2018.
             Was a Follower of Okawaru.
             Slain by Duvessa
             ... wielding a +0 short sword
              (3 damage)
             ... on level 5 of the Dungeon.
             The game lasted 00:08:19 (5050 turns).

homeworkjunkie the Cleaver (Hill Orc Fighter)       Turns: 5050, Time: 00:08:20

Health: 0/68       AC: 13    Str: 20    XL:     8   Next: 16%
Magic:  9/9        EV:  4    Int: 13    God:    Okawaru [*.....]
Gold:   221        SH: 10    Dex: 11    Spells: 7/7 levels left

rFire    . . .     SeeInvis .   a - +0 war axe
rCold    . . .     Gourm    .   c - +0 shield
rNeg     + . .     Faith    .   h - +0 plate armour
rPois    .         Spirit   .   (no helmet)
rElec    .         Reflect  .   g - +0 cloak
rCorr    .         Harm     .   (no gloves)
MR       .....                  (no boots)
Stlth    ..........             (no amulet)
HPRegen  0.21/turn              p - ring of positive energy
MPRegen  0.11/turn              (no ring)

@: brilliant
A: no striking features
a: Heroism, Renounce Religion


You were on level 5 of the Dungeon.
You worshipped Okawaru.
Okawaru was aware of your devotion.
You were not hungry.

You visited 1 branch of the dungeon, and saw 5 of its levels.

You collected 221 gold pieces.

Inventory:

Hand Weapons
 a - a +0 war axe (weapon)
Armour
 c - a +0 shield (worn)
 g - a +0 cloak (worn)
 h - a +0 plate armour (worn)
Jewellery
 p - a ring of positive energy (left hand)
Wands
 j - a wand of flame (24)
 k - a wand of digging (15)
Scrolls
 d - 2 scrolls of identify
 l - a scroll of blinking
 m - a scroll of magic mapping
 o - a scroll of fog
 s - a scroll of enchant armour {unknown}
Potions
 e - 2 potions of lignification
 i - a potion of magic
 n - a potion of degeneration {unknown}
 q - a potion of flight
 r - a potion of berserk rage
Comestibles
 f - 8 rations


   Skills:
 * Level 5.3 Fighting
 * Level 8.1 Axes
 * Level 5.6 Armour
 + Level 0.8 Dodging
 * Level 5.1 Shields
 * Level 2.0 Evocations


You had 7 spell levels left.
You didn't know any spells.

Dungeon Overview and Level Annotations

Branches:
Dungeon (5/15)
 Temple: D:4-7

Altars:
Fedhas
Hepliaklqana
Nemelex Xobeh
Okawaru
Uskayaw
Zin

Annotations:
D:5 Duvessa


Message History

* * * LOW HITPOINT WARNING * * *
You slash Duvessa!
Duvessa is moderately wounded.
Duvessa hits you with a short sword!
* * * LOW HITPOINT WARNING * * *
Duvessa hits you but does no damage.
You hit Duvessa but do no damage.
Duvessa is moderately wounded.
Duvessa hits you but does no damage. You block Duvessa's attack.
You slash Duvessa!
Duvessa is heavily wounded.
Duvessa hits you with a short sword!
* * * LOW HITPOINT WARNING * * *
You closely miss Duvessa.
Duvessa is heavily wounded.
You block Duvessa's attack. Duvessa hits you but does no damage.
You hit Duvessa but do no damage.
Duvessa is heavily wounded.
You block Duvessa's attack. Duvessa hits you with a short sword.
You die...

... #.......## ....
#........# ....
#......#.## ..
.....#......#..# ...
....#.......#.# ...
............#.##.###
#..)............
#..#............
#.@#............
#e.#............
.'..$............
...#................
.....#............#...
.... #........##..#..
#### #........[..>..#
............#..#
...........#..#


You could see Duvessa (berserk).

Vanquished Creatures
  The ghost of appiemonkey the Covered, an amateur GnWn (D:3)
  Edmund (D:4)
  2 ice beasts
  An ogre (D:4)
  Dowan (D:5)
  An orc priest (D:4)
  A bullfrog skeleton (D:3)
  A jelly (D:4)
  3 orc wizards
  2 worker ants
  A hound skeleton (D:4)
  6 adders
  An ooze (D:3)
  6 worms
  5 leopard geckos
  12 orcs
  14 giant cockroaches
  8 goblins
  10 hobgoblins
  2 jackals (D:4)
  2 quokkas (D:2)
  3 ball pythons
  5 bats
  3 frilled lizards
  A jackal skeleton (D:4)
  8 kobolds
  12 rats
113 creatures vanquished.

Notes
Turn   | Place    | Note
-------+----------+-------------------------------------------
     0 | D:1      | homeworkjunkie the Hill Orc Fighter began the quest for the Orb.
     0 | D:1      | Reached XP level 1. HP: 19/19 MP: 1/1
    18 | D:2      | Reached skill level 3 in Axes
    19 | D:2      | Reached XP level 2. HP: 23/27 MP: 2/2
    90 | D:2      | Reached XP level 3. HP: 33/33 MP: 3/3
   197 | D:3      | Reached skill level 4 in Axes
   197 | D:3      | Reached XP level 4. HP: 13/41 MP: 4/4
   291 | D:3      | Noticed appiemonkey's ghost (amateur GnWn)
   984 | D:2      | Found a hazy altar of Hepliaklqana.
   985 | D:2      | Found a blossoming altar of Fedhas.
  1006 | D:2      | Found a hide-covered altar of Uskayaw.
  1007 | D:2      | Found an iron altar of Okawaru.
  1031 | D:2      | Became a worshipper of Warmaster Okawaru
  1289 | D:2      | Found a sparkling altar of Nemelex Xobeh.
  1429 | D:1      | Reached XP level 5. HP: 46/47 MP: 5/5
  2319 | D:3      | Found a glowing silver altar of Zin.
  2400 | D:3      | Killed appiemonkey's ghost
  2400 | D:3      | Reached skill level 5 in Axes
  2400 | D:3      | Reached XP level 6. HP: 33/53 MP: 6/6
  2591 | D:4      | Reached skill level 6 in Axes
  3319 | D:4      | Noticed Edmund
  3338 | D:4      | Killed Edmund
  3338 | D:4      | Reached * piety under Okawaru
  3338 | D:4      | Reached skill level 5 in Fighting
  3338 | D:4      | Reached XP level 7. HP: 22/61 MP: 7/7
  3763 | D:4      | Reached skill level 1 in Evocations
  4056 | D:4      | Reached skill level 5 in Armour
  4100 | D:5      | Entered Level 5 of the Dungeon
  4269 | D:5      | Reached skill level 7 in Axes
  4462 | D:4      | Reached skill level 5 in Shields
  4758 | D:4      | Reached skill level 8 in Axes
  4758 | D:4      | Reached XP level 8. HP: 55/68 MP: 9/9
  5021 | D:5      | Noticed Dowan
  5034 | D:5      | Killed Dowan
  5036 | D:5      | Noticed Duvessa
  5048 | D:5      | HP: 3/68 [Duvessa/short sword (7)]
  5050 | D:5      | Slain by Duvessa

Skill      XL: |  1  2  3  4  5  6  7 |
---------------+----------------------+-----
Axes           | 3 4 5 6 8 |  8.1
Fighting       | 4 5 |  5.3
Shields        | 4 5 |  5.1
Armour         | 4 5 |  5.6
Evocations     | 2 |  2.0
Dodging        | |  0.8

Action                   |  1- 3 |  4- 6 |  7- 9 || total
-------------------------+-------+-------+-------++-------
Melee: War axe           |    55 |   238 |   131 ||   424
  Use: Potion            |     1 |       |     1 ||     2
       Scroll            |       |     8 |     4 ||    12
  Eat: Ration            |     1 |     3 |       ||     4
Armor: Scale mail        |    25 |    23 |       ||    48
       Plate armour      |       |   104 |    74 ||   178
Dodge: Dodged            |    16 |    41 |    24 ||    81
Block: Shield            |    38 |   122 |    48 ||   208
